 Dungeon Crawl Stone Soup version 0.16.1 (webtiles) character file.

16 Fiveotanaka the Sneak (level 2, -1/22 HPs)
             Began as a Naga Fire Elementalist on Mar 26, 2015.
             Slain by a gnoll (4 damage)
             ... on level 1 of the Dungeon.
             The game lasted 00:02:21 (1256 turns).

Fiveotanaka the Sneak (Naga Fire Elementalist)      Turns: 1256, Time: 00:02:21

Health: -1/22      AC:  1    Str: 10    XL:     2   Next: 58%
Magic:  4/4        EV: 10    Int: 15    God:
Gold:   68         SH:  0    Dex: 11    Spells: 1 memorised, 4 levels left

rFire  . . .     SeeInvis +     g - +0 spear
rCold  . . .     Clarity  .     a - +0 robe
rNeg   . . .     SustAb   .     (no shield)
rPois  +         Gourm    .     (no helmet)
rElec  .         Spirit   .     (no cloak)
rCorr  .         Warding  .     (no gloves)
rMut   .         Stasis   .     (no barding)
MR     .....                    (no amulet)
Stlth  ++........               (no ring)
                                (no ring)

@: short of breath, very slow, not resistant to hostile enchantments, unstealthy
A: spit poison, see invisible, deformed body, poison resistance, slowness 2
a: Spit Poison


You were on level 1 of the Dungeon.
You were very hungry.

You visited 1 branch of the dungeon, and saw 2 of its levels.

You collected 68 gold pieces.

Inventory:

Hand weapons
 g - a +0 spear (weapon)
Missiles
 i - 36 stones (quivered)
 l - 7 needles of confusion
Armour
 a - a +0 robe (worn)
Scrolls
 d - a scroll of noise {unknown}
 e - a scroll of enchant armour {unknown}
 h - a scroll of identify {unknown}
 j - 2 scrolls of teleportation {unknown}
 k - a scroll of fog {unknown}
 m - 2 scrolls of remove curse {unknown}
 q - a scroll of random uselessness {unknown}
Potions
 n - 2 potions of resistance {unknown}
Books
 b - a book of Flames

   Spells                             Type                      Level
   a - Flame Tongue                   Conjuration/Fire             1
   b - Throw Flame                    Conjuration/Fire             2
   c - Conjure Flame                  Conjuration/Fire             3
   d - Inner Flame                    Hexes/Fire                   3
   e - Sticky Flame                   Conjuration/Fire             4
   f - Fireball                       Conjuration/Fire             5
Comestibles
 c - 2 bread rations
 f - a slice of pizza
 o - a meat ration


   Skills:
 - Level 1.5 Dodging
 - Level 3.0 Stealth
 - Level 2.0 Spellcasting
 + Level 2.4 Conjurations
 - Level 3.0 Fire Magic


You had 4 spell levels left.
You knew the following spells:

 Your Spells              Type           Power        Failure   Level  Hunger
a - Flame Tongue          Conj/Fire      #....        10%         1    #......


Dungeon Overview and Level Annotations

Branches:
Dungeon (2/15)

Altars:


Innate Abilities, Weirdness & Mutations

You cannot wear boots.
You can spit poison.
You have supernaturally acute eyesight.
Armour fits poorly on your strangely shaped body.
Your system is resistant to poisons.
You cover ground very slowly.


Message History

A gnoll comes into view.
The gnoll moves out of view.
The gnoll hits you! The gnoll barely misses you. The gnoll closely misses you.
The gnoll misses you. The gnoll hits you. The gnoll hits you.
A gnoll comes into view. It is wielding a spear.
The gnoll closely misses you.
The gnoll shouts!
There is a stone staircase leading up, spattered with blood here.
The gnoll hits you.
* * * LOW HITPOINT WARNING * * *
You climb upwards.
There is a stone staircase leading down here.
Use which ability? (? or * to list)
Press: ? - help, Shift-Dir - straight line, f - gnoll
Aim: a gnoll The splash of poison hits the gnoll.
The gnoll is poisoned.
The gnoll is heavily wounded.
You feel slightly more hungry. The gnoll hits you.
You die...

#.#'#'#+#'###.#########
#.##..##..#...#........
#.#'#+#'###.#.#########
#...##..#...#..........
####.#+#'###.#############
#....##..#...)............
#....#'###.#.#############
#......##.g#.# #..........
####.###.@...# #.#.#######
#.....##### #.#.#.....#
####### #.#.#.###.#
#.#.#.###.# #.#.#.#...#
#.#.#.#.### #.#.#.#.#..
#.#.#.#.#.# #.#.....#.#


You could see a gnoll.

Vanquished Creatures
  An adder (D:2)
  A goblin (D:1)
  A hobgoblin (D:1)
  A bat (D:1)
  A giant newt (D:1)
  3 kobolds (D:1)
  2 rats (D:1)
10 creatures vanquished.

Notes
Turn   | Place    | Note
--------------------------------------------------------------
     0 | D:1      | Fiveotanaka, the Naga Fire Elementalist, began the quest for the Orb.
     0 | D:1      | Reached XP level 1. HP: 15/15 MP: 3/3
   782 | D:1      | Reached XP level 2. HP: 22/22 MP: 2/4
  1256 | D:1      | Slain by a gnoll

Action                   || total
-------------------------++-------
Melee: Spear             ||     2
Throw: Stone             ||     7
 Cast: Flame Tongue      ||    15
 Abil: Spit Poison       ||     3
